 Dungeon Crawl Stone Soup version 0.28.0-47-ge53b351184 (webtiles) character file.

Game seed: 868834242295635409

1082 Ablot the Cutter (level 8, -6/60 HPs)
             Began as a Gnoll Chaos Knight on Apr 28, 2022.
             Was a Plaything of Xom.
             Mangled by a sun demon (27 damage)
             ... summoned by Xom
             ... on level 6 of the Dungeon.
             The game lasted 00:07:46 (5180 turns).

Ablot the Cutter (Gnoll Chaos Knight)               Turns: 5180, Time: 00:07:47

Health: -6/60      AC:  5    Str: 18      XL:     8   Next: 30%
Magic:  12/12      EV: 13    Int: 11 (12) God:    Xom [......]
Gold:   104        SH:  8    Dex: 18      Spells: 12/13 levels left

rFire   . . .      SeeInvis .   a - +0 short sword (chaos)
rCold   . . .      Faith    .   t - +3 buckler of Cysaiz {rElec Str+5}
rNeg    . . .      Spirit   .   b - +2 robe {Will+}
rPois   .          Reflect  .   (no helmet)
rElec   +          Harm     .   (no cloak)
rCorr   .          Rampage  .   l - +0 pair of gloves
Will    +....                   (no boots)
Stlth   ++++......              (no amulet)
HPRegen 0.20/turn               h - +6 ring of dexterity
MPRegen 0.13/turn               (no ring)

@: no status effects
A: fangs 1, strong nose, distributed training, camouflage 1, deterioration 1,
frail 1, sense surroundings 1, screaming 1
a: Renounce Religion


You were on level 6 of the Dungeon.
You worshipped Xom.
You were a very special plaything of Xom.
You visited 1 branch of the dungeon, and saw 6 of its levels.

You collected 154 gold pieces.
You spent 50 gold pieces at shops.

Inventory:

Hand Weapons
 a - a +0 short sword of chaos (weapon)
 s - the +5 trident of Fortitude {speed, rPois Str+4}
   (You found it on level 4 of the Dungeon)

   Attacks with this weapon are significantly faster.
   Str:       It affects your strength (+4).
   rPois:     It protects you from poison.
Missiles
 d - 93 arrows
 e - 36 bolts
 k - 52 stones
 v - 5 curare-tipped darts
 w - 4 poisoned darts (quivered)
 x - 22 sling bullets
Armour
 b - a +2 robe of willpower (worn)
 l - a +0 pair of gloves (worn)
 n - a +0 leather armour of positive energy
 t - the +3 buckler of Cysaiz (worn) {rElec Str+5}
   (You found it on level 4 of the Dungeon)

   Str:       It affects your strength (+5).
   rElec:     It insulates you from electricity.
 u - an orb of light
Jewellery
 h - a +6 ring of dexterity (left hand)
Wands
 y - a wand of iceblast (3)
Scrolls
 c - 2 scrolls of fog {unknown}
 f - 2 scrolls of blinking {unknown}
 g - a scroll of amnesia {unknown}
 m - 2 scrolls of identify {unknown}
 o - a scroll of teleportation {unknown}
 p - 2 scrolls of noise {unknown}
 B - a scroll of enchant armour {unknown}
Potions
 i - a potion of attraction {unknown}
 j - a potion of resistance {unknown}
 q - a potion of degeneration {unknown}
 z - a potion of mutation {unknown}
 A - a potion of lignification {unknown}
 C - a potion of curing {unknown}


   Skills:
 + Level 7.3 Fighting
 + Level 7.3 Short Blades
 + Level 3.1 Long Blades
 + Level 3.1 Axes
 + Level 3.1 Maces & Flails
 + Level 3.1 Polearms
 + Level 3.1 Staves
 + Level 3.1 Slings
 + Level 3.1 Bows
 + Level 3.1 Crossbows
 + Level 3.1 Throwing
 + Level 5.6 Armour
 + Level 4.1 Dodging
 + Level 3.1 Stealth
 + Level 3.1 Shields
 + Level 3.1 Unarmed Combat
 + Level 3.1 Spellcasting
 + Level 2.5 Conjurations
 + Level 2.5 Hexes
 + Level 2.5 Summonings
 + Level 2.5 Necromancy
 + Level 2.5 Translocations
 + Level 2.5 Transmutations
 + Level 2.5 Fire Magic
 + Level 2.5 Ice Magic
 + Level 2.5 Air Magic
 + Level 2.5 Earth Magic
 + Level 2.5 Poison Magic
 + Level 3.4 Invocations
 + Level 3.1 Evocations


You had 12 spell levels left.
You knew the following spells:

 Your Spells              Type           Power      Damage    Failure   Level
a - Sting                 Tmut/Pois      28%        1d4       12%         1

Your spell library contained the following spells:

 Spells                   Type           Power      Damage    Failure   Level
 Poisonous Vapours        Pois/Air       14%        N/A       19%         2
 Call Canine Familiar     Summ           7%         N/A       34%         3
 Portal Projectile        Hex/Tloc       14%        N/A       34%         3
 Leda's Liquefaction      Hex/Erth       3%         N/A       75%         4
 Olgreb's Toxic Radiance  Pois           7%         N/A       75%         4


Dungeon Overview and Level Annotations

Branches:
Dungeon (6/15)             Temple (0/1) D:5

Altars:
Makhleb
Nemelex Xobeh
Zin

Shops:
D:1 (   D:4 *

Annotations:
D:6 Pikel


Innate Abilities, Weirdness & Mutations

You have very sharp teeth.
Your uncanny sense of smell can sniff out nearby items.
Your experience applies equally to all skills.
Your skin changes colour to match your surroundings (Stealth+).
Your body sometimes deteriorates upon taking damage.
You are frail. (-10% HP)
You passively map a small area around you.
You occasionally shout uncontrollably at your foes.


Message History

You block the hound's attack.
The water moccasin bites you but does no damage.
You barely miss the water moccasin.
Your bite misses the water moccasin. "Let's see if it's strong enough to survive yet."
You block the water moccasin's attack. The white imp gestures at you.
You block the puff of frost. You block the white imp's attack.
The white imp misses you. The water moccasin bites you.
* * * LOW HITPOINT WARNING * * *
You are lethally poisoned!
The water moccasin poisons you!
* * * LOW HITPOINT WARNING * * *
You feel very sick.
* * * LOW HITPOINT WARNING * * *
You feel very sick. The hound barely misses you.
You block the white imp's attack.
You feel much better.
You feel sick. The hound barely misses you. The white imp closely misses you.
You feel sick. You block the hound's attack.
You feel sick.
You feel sick. You block the hound's attack.
You feel sick.
Found 10 gold pieces.
You feel sick. The hound bites you.
You feel sick.
You feel sick.
Pikel says, "You'll make a fine lemure."
The hound bites you but does no damage.
You feel sick.
You are no longer poisoned.
The hound bites you but does no damage.
Xom plays with reality for a moment.
The hound blinks!
The hound appears confused.
The water moccasin disappears!
The hound bites the lemure.
The hound seems less confused.
The white imp shouts, "Run away, thou worthless bat-fowling dewberry!" "Fight to survive, mortal."
The sixfirhy hits you. The sixfirhy shocks you. You resist.
The sixfirhy barely misses you. The sun demon hits you!!
You die...
Xom laughs nastily!

⌠....# .......†............#
....8# ,...(..............##...#
.....# ..8.8..........#.........
.....# #8.....8........##........
5...###....!...........##......##
Z.55###8..........^............#
.#K##.#........$.#...###....#####
##.............8.............#>..
#..............3@................
$.......8.....8.3.............###
.#...#....8.8.5.55............#
.#.###......5h5..S.............#
...K.#........................#..
...5###....5#.###............##..
...5# ##....### ##............ .
###5# ##.5..# #............# *
##S###...### ##..#.#.....#


You could see a sun demon (summoned), a sixfirhy (summoned), a water moccasin, 2
lemures, a hound, an iron imp (summoned) and 4 white imps.

Vanquished Creatures
  A necrophage (D:4)
  A centaur (D:6)
  2 ogres
  2 phantoms
  3 scorpions
  A jelly (D:5)
  3 centaur skeletons
  3 hounds
  An orc wizard (D:3)
  6 gnolls
  9 adders
  A shadow imp (D:5)
  6 orcs
  3 bats
  3 endoplasms (D:2)
  2 giant cockroaches
  5 goblins
  6 hobgoblins
  2 quokkas
  6 ball pythons
  5 frilled lizards
  2 kobolds
  5 rats
78 creatures vanquished.

Notes
Turn   | Place    | Note
-------+----------+-------------------------------------------
     0 | D:1      | Ablot the Gnoll Chaos Knight began the quest for the Orb.
     0 | D:1      | Reached XP level 1. HP: 23/23 MP: 1/1
   279 | D:1      | Reached XP level 2. HP: 29/29 MP: 2/2
   341 | D:1      | XOM: noise
   361 | D:1      | Found Xaham's Antique Weapon Boutique.
   595 | D:2      | Found a faded altar of an unknown god.
   781 | D:2      | Reached XP level 3. HP: 35/35 MP: 3/3
   799 | D:2      | XOM: enchant monster (bad)
   989 | D:2      | XOM: noise
   992 | D:2      | Reached skill level 1 in Invocations
  1270 | D:2      | XOM: give mutations
  1270 | D:2      | Gained mutation: You passively map a small area around you.
                  | [Xom's mischief]
  1270 | D:2      | Gained mutation: Your skin changes colour to match your
                  | surroundings (Stealth+). [Xom's mischief]
  1270 | D:2      | Gained mutation: You are frail. (-10% HP) [Xom's mischief]
  1302 | D:2      | Reached skill level 1 in Long Blades
  1302 | D:2      | Reached skill level 1 in Axes
  1302 | D:2      | Reached skill level 1 in Maces & Flails
  1302 | D:2      | Reached skill level 1 in Polearms
  1302 | D:2      | Reached skill level 1 in Staves
  1302 | D:2      | Reached skill level 1 in Slings
  1302 | D:2      | Reached skill level 1 in Bows
  1302 | D:2      | Reached skill level 1 in Crossbows
  1302 | D:2      | Reached skill level 1 in Throwing
  1302 | D:2      | Reached skill level 1 in Stealth
  1302 | D:2      | Reached skill level 1 in Shields
  1302 | D:2      | Reached skill level 1 in Unarmed Combat
  1302 | D:2      | Reached skill level 1 in Spellcasting
  1302 | D:2      | Reached skill level 1 in Evocations
  1307 | D:2      | XOM: stat loss: -1 Int (10/11)
  1361 | D:2      | Reached XP level 4. HP: 30/36 MP: 5/5
  1426 | D:2      | XOM: summons 3 hostile demons
  1943 | D:3      | XOM: noise
  1972 | D:3      | Reached skill level 1 in Conjurations
  1972 | D:3      | Reached skill level 1 in Hexes
  1972 | D:3      | Reached skill level 1 in Summonings
  1972 | D:3      | Reached skill level 1 in Necromancy
  1972 | D:3      | Reached skill level 1 in Translocations
  1972 | D:3      | Reached skill level 1 in Transmutations
  1972 | D:3      | Reached skill level 1 in Fire Magic
  1972 | D:3      | Reached skill level 1 in Ice Magic
  1972 | D:3      | Reached skill level 1 in Air Magic
  1972 | D:3      | Reached skill level 1 in Earth Magic
  1972 | D:3      | Reached skill level 1 in Poison Magic
  2333 | D:2      | Reached XP level 5. HP: 31/42 MP: 6/6
  2628 | D:3      | XOM: 7-stop teleportation journey
  2697 | D:3      | Found a sparkling altar of Nemelex Xobeh.
  2899 | D:4      | Noticed a necrophage
  2907 | D:4      | Killed a necrophage
  2908 | D:4      | Reached XP level 6. HP: 47/47 MP: 8/8
  2950 | D:4      | Reached skill level 5 in Armour
  3003 | D:4      | Identified the +3 buckler of Cysaiz {rElec Str+5}
  3023 | D:4      | Noticed an Executioner
  3024 | D:4      | Found a burning altar of Makhleb.
  3028 | D:4      | Found a glowing silver altar of Zin.
  3028 | D:4      | Noticed an angel
  3192 | D:4      | Identified the +5 trident of Fortitude {speed, rPois Str+4}
  3198 | D:4      | XOM: confusion
  3225 | D:4      | Learned a level 1 spell: Sting
  3314 | D:4      | Found Weviyn's Serpentskin Sales.
  3322 | D:4      | XOM: give mutations
  3322 | D:4      | Gained mutation: You occasionally shout uncontrollably at
                  | your foes. [Xom's mischief]
  3322 | D:4      | Gained mutation: Your body sometimes deteriorates upon
                  | taking damage. [Xom's mischief]
  3335 | D:4      | Bought 5 curare-tipped darts for 33 gold pieces
  3335 | D:4      | Bought 4 poisoned darts for 17 gold pieces
  3545 | D:5      | Entered Level 5 of the Dungeon
  3555 | D:5      | XOM: god gift: tapered wooden wand {god gift}
  3573 | D:5      | XOM: 7-stop teleportation journey
  3605 | D:5      | XOM: potion effect (invisibility)
  3609 | D:5      | Reached XP level 7. HP: 53/53 MP: 10/10
  3662 | D:5      | XOM: noise
  3693 | D:5      | XOM: cast spell 'Summon Small Mammal'
  3699 | D:5      | XOM: enchant monster (good)
  3914 | D:5      | Found a staircase to the Ecumenical Temple.
  4132 | D:5      | XOM: 1-stop teleportation journey
  4494 | D:5      | XOM: summons friendly white imp
  4744 | D:6      | Reached XP level 8. HP: 47/60 MP: 12/12
  5149 | D:6      | Noticed Pikel
  5149 | D:6      | XOM: 3-stop teleportation journey
  5156 | D:6      | XOM: summons 2 hostile demons
  5173 | D:6      | XOM: cast spell 'Dispersal'
  5179 | D:6      | XOM: summons 5 hostile demons
  5180 | D:6      | Noticed a sun demon
  5180 | D:6      | Noticed a sixfirhy
  5180 | D:6      | Mangled by a sun demon

Illustrated notes

Levels and vault maps discovered:
D:1:      dpeg_arrival_fog, layout_rooms, serial_shops,
          nicolae_shop_overgrown_old_shop
D:2:      minmay_angry_zag, layout_basic, basic_ecumenical_altar
D:3:      layout_rooms, nemelex_altar_shiori
D:4:      layout_rooms, grunt_temple_overflow_order_and_chaos_2,
          nicolae_concentric_dashed_squares_wild, minivault_26,
          guppyfry_shop_venom
D:5:      layout_layer_cave, minmay_temple_entry_mini_moons
D:6:      wander_guarded_unrand_ratskin, layout_cave_pools, serial_column_ruins,
          column_ruins_circle_medium, column_ruins_circle_medium,
          column_ruins_grid_1, column_ruins_open_large, column_ruins_grid_1,
          column_ruins_open_small, uniq_pikel

Skill      XL: |  1  2  3  4  5  6  7  8 |
---------------+-------------------------+-----
Invocations    | 1 2 3 |  3.4
Long Blades    | 1 2 3 |  3.1
Axes           | 1 2 3 |  3.1
Maces & Flails | 1 2 3 |  3.1
Polearms       | 1 2 3 |  3.1
Staves         | 1 2 3 |  3.1
Slings         | 1 2 3 |  3.1
Bows           | 1 2 3 |  3.1
Crossbows      | 1 2 3 |  3.1
Throwing       | 1 2 3 |  3.1
Stealth        | 1 2 3 |  3.1
Shields        | 1 2 3 |  3.1
Unarmed Combat | 1 2 3 |  3.1
Spellcasting   | 1 2 3 |  3.1
Evocations     | 1 2 3 |  3.1
Conjurations   | 1 2 |  2.5
Hexes          | 1 2 |  2.5
Summonings     | 1 2 |  2.5
Necromancy     | 1 2 |  2.5
Translocations | 1 2 |  2.5
Transmutations | 1 2 |  2.5
Fire Magic     | 1 2 |  2.5
Ice Magic      | 1 2 |  2.5
Air Magic      | 1 2 |  2.5
Earth Magic    | 1 2 |  2.5
Poison Magic   | 1 2 |  2.5
Dodging        | 3 4 |  4.1
Armour         | 5 |  5.6
Fighting       | 7 |  7.3
Short Blades   | 7 |  7.3

Action                   |  1- 3 |  4- 6 |  7- 9 || total
-------------------------+-------+-------+-------++-------
Melee: Short sword       |    99 |   128 |    98 ||   325
       Bite              |     5 |    19 |    15 ||    39
       Punch             |     1 |     1 |       ||     2
       Trident           |       |       |    11 ||    11
Throw: Stone             |       |     1 |       ||     1
  Use: Potion            |       |       |     2 ||     2
 Stab: Petrifying        |     1 |       |       ||     1
       Sleeping          |     3 |     6 |     1 ||    10
       Confused          |     1 |     1 |     1 ||     3
       Invisible         |       |     1 |     1 ||     2
       Paralysed         |       |       |     1 ||     1
Armor: Leather armour    |    30 |    30 |       ||    60
       Robe              |       |    11 |    16 ||    27
Dodge: Dodged            |    57 |    86 |    32 ||   175
Block: Buckler           |       |     3 |    39 ||    42
